| TOP OF THE 1ST |
|
Louisiana State University Tigers batting - Pitching for University of Conneticut Huskies : RHP Jose Rios
|
|
Pitching: RHP Jose Rios
|
|
|
Batting: RHB Michael Maier
|
0-0: Ball 1-0: Called Strike 1-1: Ball 2-1: Ball 3-1: Swinging Strike 3-2: Strikes out looking
|
|
Batting: RHB Winston Vasquez
|
0-0: SINGLE (Groundball, 56D, EV 85.6 MPH) (infield hit)
|
|
Batting: LHB Manny Grado
|
Pickoff Play to 1st, Runner tries for 2nd, OUT after rundown. 0-0: Reached on error, E3 (Groundball, 34S, EV 69.4 MPH)
|
|
Batting: LHB Matt Ellington
|
0-0: Called Strike 0-1: Swinging Strike 0-2: Strikes out swinging
|
| Top of the 1st over - 0 runs, 1 hit, 1 error, 1 left on base; Louisiana State University 0 - University of Conneticut 0 |
| BOTTOM OF THE 1ST |
|
University of Conneticut Huskies batting - Pitching for Louisiana State University Tigers : RHP Mike Moore
|
|
Pitching: RHP Mike Moore
|
|
|
Batting: RHB Kyle Finney
|
0-0: Called Strike 0-1: SINGLE (Groundball, 56S, EV 70.6 MPH) (infield hit)
|
|
Batting: LHB Greg James
|
0-0: Ball 1-0: Swinging Strike 1-1: Grounds into double play, 5-4-3 (Groundball, 56, EV 82.5 MPH)
|
|
Batting: RHB Roku Kawano
|
0-0: Ball 1-0: Called Strike 1-1: Swinging Strike 1-2: Ball 2-2: Strikes out swinging
|
| Bottom of the 1st over - 0 runs, 1 hit, 0 errors, 0 left on base; Louisiana State University 0 - University of Conneticut 0 |
| TOP OF THE 2ND |
|
Louisiana State University Tigers batting - Pitching for University of Conneticut Huskies : RHP Jose Rios
|
|
Batting: SHB Brian Caruso
|
0-0: Foul Ball, location: 2F 0-1: Reached on error, E7 (Flyball, 7, EV 86.9 MPH)
|
|
Batting: RHB D.J. Ganz
|
0-0: Called Strike 0-1: Ball 1-1: Grounds into double play, 6-4-3 (Groundball, 6, EV 82.5 MPH)
|
|
Batting: RHB Stewart Walker
|
0-0: Foul Ball, location: 2F 0-1: Ground out U3 (Groundball, 34, EV 106.2 MPH)
|
| Top of the 2nd over - 0 runs, 0 hits, 1 error, 0 left on base; Louisiana State University 0 - University of Conneticut 0 |
| BOTTOM OF THE 2ND |
|
University of Conneticut Huskies batting - Pitching for Louisiana State University Tigers : RHP Mike Moore
|
|
Batting: LHB Andrew Barzee
|
0-0: Called Strike 0-1: Foul Ball, location: 2F 0-2: Ball 1-2: Fly out, F2 (Popup, 2LF, EV 88.8 MPH)
|
|
Batting: LHB Hector Acosta
|
0-0: Called Strike 0-1: Ball 1-1: Swinging Strike 1-2: Strikes out swinging
|
|
Batting: RHB Jordan Nicholas
|
0-0: Fly out, F7 (Flyball, 7, EV 80.0 MPH)
|
| Bottom of the 2nd over - 0 runs, 0 hits, 0 errors, 0 left on base; Louisiana State University 0 - University of Conneticut 0 |
| TOP OF THE 3RD |
|
Louisiana State University Tigers batting - Pitching for University of Conneticut Huskies : RHP Jose Rios
|
|
Batting: LHB Jon Valdez
|
0-0: Ball 1-0: Ball 2-0: Ball 3-0: Called Strike 3-1: Swinging Strike 3-2: SOLO HOME RUN (Flyball, 9LD, EV 98.8 MPH), Distance : 365 ft
|
|
Batting: RHB Zachary Acker
|
0-0: Ball 1-0: Ground out 1-3 (Groundball, P, EV 66.2 MPH)
|
|
Batting: RHB Michael Maier
|
0-0: Called Strike 0-1: Swinging Strike 0-2: Ball 1-2: SINGLE (Groundball, 25, EV 71.9 MPH) (infield hit)
|
|
Batting: RHB Winston Vasquez
|
0-0: Ball 1-0: Foul Ball, location: 2F 1-1: Foul Ball, location: 2F 1-2: SINGLE (Line Drive, 78M, EV 105.6 MPH) Michael Maier to second
|
|
Batting: LHB Manny Grado
|
0-0: Ball 1-0: Foul Ball, location: 2F 1-1: Ball 2-1: Called Strike 2-2: Ball 3-2: Fielders Choice at 2nd, 1-6 (Groundball, 13S, EV 69.4 MPH) Michael Maier to third
|
|
Batting: LHB Matt Ellington
|
0-0: Ball 1-0: Ball 2-0: Foul Ball, location: 2F 2-1: TRIPLE (Line Drive, 89XD, EV 109.4 MPH) Michael Maier scores Manny Grado scores
|
|
Batting: SHB Brian Caruso
|
0-0: Fly out, F5 (Popup, 56, EV 65.0 MPH)
|
| Top of the 3rd over - 3 runs, 4 hits, 0 errors, 1 left on base; Louisiana State University 3 - University of Conneticut 0 |
| BOTTOM OF THE 3RD |
|
University of Conneticut Huskies batting - Pitching for Louisiana State University Tigers : RHP Mike Moore
|
|
Batting: LHB Omar Alba
|
0-0: Ball 1-0: DOUBLE (Line Drive, 78M, EV 94.4 MPH)
|
|
Batting: RHB Cullen Elliott
|
0-0: Called Strike 0-1: Ground out 4-3 (Groundball, 4, EV 90.6 MPH) Omar Alba to third
|
|
Batting: RHB Lee Wilbur
|
0-0: Ball 1-0: Ball 2-0: Foul Ball, location: 2F 2-1: Foul Ball, location: 2F 2-2: Ground out U3 (Groundball, 3, EV 85.0 MPH)
|
|
Batting: RHB Kyle Finney
|
0-0: Ball 1-0: Called Strike 1-1: Ball 2-1: Ball 3-1: Foul Ball, location: 2F 3-2: Base on Balls
|
|
Batting: LHB Greg James
|
0-0: Swinging Strike 0-1: Called Strike 0-2: Fly out, F9 (Flyball, 9LM, EV 95.0 MPH)
|
| Bottom of the 3rd over - 0 runs, 1 hit, 0 errors, 2 left on base; Louisiana State University 3 - University of Conneticut 0 |
| TOP OF THE 4TH |
|
Louisiana State University Tigers batting - Pitching for University of Conneticut Huskies : RHP Jose Rios
|
|
Batting: RHB D.J. Ganz
|
0-0: Ball 1-0: Ball 2-0: SINGLE (Groundball, 34D, EV 110.6 MPH)
|
|
Batting: RHB Stewart Walker
|
0-0: Foul Ball, location: 2F 0-1: Ball 1-1: Fielders Choice at 2nd, 6-4 (Groundball, 6, EV 101.9 MPH)
|
|
Batting: LHB Jon Valdez
|
0-0: Ball 1-0: Foul Ball, location: 2F 1-1: Ball 2-1: DOUBLE (Line Drive, 7LM, EV 111.2 MPH) Stewart Walker to third Runner from 3rd tries for Home, SAFE, throw by LF to home
|
|
Batting: RHB Zachary Acker
|
0-0: Fly out, F6 (Line Drive, 6D, EV 72.5 MPH)
|
|
Batting: RHB Michael Maier
|
0-0: Called Strike 0-1: Foul Ball, location: 2F 0-2: Foul Ball, location: 2F 0-2: Ball 1-2: Foul Ball, location: 2F 1-2: Ground out 4-3 (Groundball, 4, EV 76.9 MPH)
|
| Top of the 4th over - 1 run, 2 hits, 0 errors, 1 left on base; Louisiana State University 4 - University of Conneticut 0 |
| BOTTOM OF THE 4TH |
|
University of Conneticut Huskies batting - Pitching for Louisiana State University Tigers : RHP Mike Moore
|
|
Batting: RHB Roku Kawano
|
0-0: Ball 1-0: Ball 2-0: Called Strike 2-1: Ball 3-1: Swinging Strike 3-2: Ground out 5-3 (Groundball, 56, EV 82.5 MPH)
|
|
Batting: LHB Andrew Barzee
|
0-0: Ball 1-0: Ball 2-0: Ball 3-0: Base on Balls
|
|
Batting: LHB Hector Acosta
|
0-0: Ball 1-0: Fly out, F7 (Flyball, 78M, EV 83.8 MPH)
|
|
Batting: RHB Jordan Nicholas
|
0-0: Swinging Strike 0-1: Ball 1-1: Swinging Strike 1-2: Foul Ball, location: 2F 1-2: Fielders Choice at 2nd, 6-4 (Groundball, 56, EV 111.2 MPH)
|
| Bottom of the 4th over - 0 runs, 0 hits, 0 errors, 1 left on base; Louisiana State University 4 - University of Conneticut 0 |
| TOP OF THE 5TH |
|
Louisiana State University Tigers batting - Pitching for University of Conneticut Huskies : RHP Jose Rios
|
|
Pitching: RHP Paul Pastrano
|
|
|
Batting: RHB Winston Vasquez
|
0-0: Ball 1-0: Called Strike 1-1: Fly out, F5 (Line Drive, 5, EV 68.8 MPH)
|
|
Batting: LHB Manny Grado
|
0-0: Ball 1-0: Ball 2-0: Called Strike 2-1: Foul Ball, location: 2F 2-2: Ball 3-2: SINGLE (Line Drive, 4D, EV 97.5 MPH)
|
|
Batting: LHB Matt Ellington
|
0-0: Ball 1-0: Foul Ball, location: 2F 1-1: Called Strike 1-2: Single, Error in OF, E7, batter to second base (Line Drive, 56, EV 95.6 MPH) Manny Grado to third
|
|
Batting: SHB Brian Caruso
|
0-0: Called Strike 0-1: Foul Ball, location: 2F 0-2: Strikes out looking
|
|
Batting: RHB D.J. Ganz
|
0-0: Ball 1-0: Ball 2-0: Called Strike 2-1: Ball 3-1: Foul Ball, location: 2F 3-2: Ground out 6-3 (Groundball, 6, EV 101.2 MPH)
|
| Top of the 5th over - 0 runs, 2 hits, 1 error, 2 left on base; Louisiana State University 4 - University of Conneticut 0 |
| BOTTOM OF THE 5TH |
|
University of Conneticut Huskies batting - Pitching for Louisiana State University Tigers : RHP Mike Moore
|
|
Batting: LHB Omar Alba
|
0-0: Ball 1-0: Fly out, F9 (Line Drive, 9, EV 87.5 MPH)
|
|
Batting: RHB Cullen Elliott
|
0-0: Foul Ball, location: 2F 0-1: Ball 1-1: Ball 2-1: SINGLE (Line Drive, 8LS, EV 103.8 MPH)
|
|
Batting: RHB Lee Wilbur
|
0-0: Swinging Strike 0-1: Ball 1-1: Ball 2-1: Foul Ball, location: 2F 2-2: Foul Ball, location: 2F 2-2: Fielders Choice at 2nd, 4-6 (Groundball, 4MS, EV 85.6 MPH)
|
|
Batting: RHB Kyle Finney
|
0-0: Ball 1-0: SINGLE (Groundball, 6MD, EV 101.2 MPH) Lee Wilbur to second
|
|
Batting: LHB Greg James
|
0-0: Ball 1-0: Called Strike 1-1: Reached on error, E6 (Groundball, 6S, EV 93.8 MPH) Lee Wilbur scores Kyle Finney to third
|
|
Batting: RHB Roku Kawano
|
0-0: Ball 1-0: Swinging Strike 1-1: Foul Ball, location: 2F 1-2: Ball 2-2: Ball 3-2: Base on Balls
|
|
Pitching: RHP Chris Douglas
|
|
|
Batting: LHB Andrew Barzee
|
0-0: Ball 1-0: Ball 2-0: Called Strike 2-1: Ground out 3-1 (Groundball, 13, EV 77.5 MPH)
|
| Bottom of the 5th over - 1 run, 2 hits, 1 error, 3 left on base; Louisiana State University 4 - University of Conneticut 1 |
| TOP OF THE 6TH |
|
Louisiana State University Tigers batting - Pitching for University of Conneticut Huskies : RHP Paul Pastrano
|
|
Batting: RHB Stewart Walker
|
0-0: Ball 1-0: Ball 2-0: Foul Ball, location: 2F 2-1: Fly out, F7 (Flyball, 78M, EV 84.4 MPH)
|
|
Batting: LHB Jon Valdez
|
0-0: Ball 1-0: Ball 2-0: Ball 3-0: Called Strike 3-1: Swinging Strike 3-2: Foul Ball, location: 2F 3-2: Ground out 4-3 (Groundball, 34D, EV 81.9 MPH)
|
|
Batting: RHB Zachary Acker
|
0-0: Ball 1-0: Foul Ball, location: 2F 1-1: Foul Ball, location: 2F 1-2: Ball 2-2: Ball 3-2: Foul Ball, location: 2F 3-2: SINGLE (Groundball, 56D, EV 97.5 MPH)
|
|
Batting: RHB Michael Maier
|
0-0: Ball 1-0: Foul Ball, location: 2F 1-1: Foul Ball, location: 2F 1-2: Ball 2-2: DOUBLE (Line Drive, 89XD, EV 100.0 MPH) Zachary Acker to third Runner from 3rd tries for Home, SAFE, throw by CF to trailing runner, SAFE at third!
|
|
Batting: RHB Winston Vasquez
|
0-0: Foul Ball, location: 2F 0-1: Ground out 4-3 (Groundball, 4M, EV 83.8 MPH)
|
| Top of the 6th over - 1 run, 2 hits, 0 errors, 1 left on base; Louisiana State University 5 - University of Conneticut 1 |
| BOTTOM OF THE 6TH |
|
University of Conneticut Huskies batting - Pitching for Louisiana State University Tigers : RHP Chris Douglas
|
|
Batting: LHB Hector Acosta
|
0-0: Ball 1-0: Ball 2-0: Foul Ball, location: 2F 2-1: Fly out, F8 (Flyball, 89D, EV 99.4 MPH)
|
|
Batting: RHB Jordan Nicholas
|
0-0: SINGLE (Groundball, 4M, EV 81.2 MPH) (infield hit)
|
|
Batting: LHB Omar Alba
|
0-0: Called Strike Jordan Nicholas is caught stealing 2nd base 2-6 0-1: Ground out 1-3 (Groundball, 13, EV 70.6 MPH)
|
| Bottom of the 6th over - 0 runs, 1 hit, 0 errors, 0 left on base; Louisiana State University 5 - University of Conneticut 1 |
| TOP OF THE 7TH |
|
Louisiana State University Tigers batting - Pitching for University of Conneticut Huskies : RHP Paul Pastrano
|
|
Batting: LHB Manny Grado
|
0-0: Called Strike 0-1: SINGLE (Line Drive, 89S, EV 91.2 MPH)
|
|
Batting: LHB Matt Ellington
|
0-0: Fielders Choice at 2nd, 6-4 (Groundball, 6, EV 85.6 MPH)
|
|
Batting: SHB Brian Caruso
|
0-0: Called Strike 0-1: Foul Ball, location: 2F 0-2: Foul Ball, location: 2F 0-2: Fielders Choice at 2nd, 4-6 (Groundball, 34, EV 87.5 MPH)
|
|
Batting: RHB D.J. Ganz
|
0-0: Called Strike 0-1: Ball 1-1: SINGLE (Groundball, 56D, EV 102.5 MPH) Brian Caruso to second
|
|
Batting: RHB Stewart Walker
|
0-0: Ball 1-0: Ball 2-0: Ball 3-0: Base on Balls Brian Caruso to third D.J. Ganz to second
|
|
Pitching: RHP Miguel Perez
|
|
|
Batting: LHB Jon Valdez
|
0-0: Ground out U3 (Groundball, 3L, EV 105.6 MPH)
|
| Top of the 7th over - 0 runs, 2 hits, 0 errors, 3 left on base; Louisiana State University 5 - University of Conneticut 1 |
| BOTTOM OF THE 7TH |
|
University of Conneticut Huskies batting - Pitching for Louisiana State University Tigers : RHP Chris Douglas
|
|
Batting: RHB Cullen Elliott
|
0-0: Ball 1-0: Fly out, F8 (Line Drive, 8RM, EV 98.1 MPH)
|
|
Batting: RHB Lee Wilbur
|
0-0: SINGLE (Groundball, 34S, EV 93.1 MPH) (infield hit)
|
|
Batting: RHB Kyle Finney
|
0-0: Ball 1-0: Swinging Strike 1-1: Called Strike 1-2: Foul Ball, location: 2F 1-2: Strikes out swinging
|
|
Pitching: LHP Logan Corrigan
|
|
|
Batting: LHB Greg James
|
0-0: Swinging Strike 0-1: Foul Ball, location: 2F 0-2: Strikes out looking
|
| Bottom of the 7th over - 0 runs, 1 hit, 0 errors, 1 left on base; Louisiana State University 5 - University of Conneticut 1 |
| TOP OF THE 8TH |
|
Louisiana State University Tigers batting - Pitching for University of Conneticut Huskies : RHP Miguel Perez
|
|
Batting: RHB Zachary Acker
|
0-0: Fly out, F7 (Line Drive, 7, EV 95.6 MPH)
|
|
Batting: RHB Michael Maier
|
0-0: Ball 1-0: Foul Ball, location: 2F 1-1: Ball 2-1: Swinging Strike 2-2: Ball 3-2: Foul Ball, location: 2F 3-2: Strikes out swinging
|
|
Batting: RHB Winston Vasquez
|
0-0: Swinging Strike 0-1: Ground out 1-3 (Groundball, P, EV 68.8 MPH)
|
| Top of the 8th over - 0 runs, 0 hits, 0 errors, 0 left on base; Louisiana State University 5 - University of Conneticut 1 |
| BOTTOM OF THE 8TH |
|
University of Conneticut Huskies batting - Pitching for Louisiana State University Tigers : LHP Logan Corrigan
|
|
Pitching: RHP Nick McCoy
|
|
|
Batting: RHB Roku Kawano
|
0-0: Called Strike 0-1: Fly out, F4 (Popup, 3D, EV 41.9 MPH)
|
|
Batting: LHB Andrew Barzee
|
0-0: Ball 1-0: Ball 2-0: Foul Ball, location: 2F 2-1: Ball 3-1: Swinging Strike 3-2: Strikes out swinging
|
|
Batting: LHB Hector Acosta
|
0-0: Called Strike 0-1: Swinging Strike 0-2: Ball 1-2: Ground out 4-3 (Groundball, 4M, EV 92.5 MPH)
|
| Bottom of the 8th over - 0 runs, 0 hits, 0 errors, 0 left on base; Louisiana State University 5 - University of Conneticut 1 |
| TOP OF THE 9TH |
|
Louisiana State University Tigers batting - Pitching for University of Conneticut Huskies : RHP Miguel Perez
|
|
Batting: LHB Manny Grado
|
0-0: Ball 1-0: Foul Ball, location: 2F 1-1: Foul Ball, location: 2F 1-2: Ball 2-2: Ball 3-2: Foul Ball, location: 2F 3-2: Strikes out looking and he ARGUES THE CALL AND IS TOSSED!
|
|
Batting: LHB Matt Ellington
|
0-0: Foul Ball, location: 2F 0-1: Foul Ball, location: 2F 0-2: Ground out 6-3 (Groundball, 6, EV 84.4 MPH)
|
|
Batting: SHB Brian Caruso
|
0-0: Called Strike 0-1: Ball 1-1: Ground out 4-3 (Groundball, 4S, EV 68.8 MPH)
|
| Top of the 9th over - 0 runs, 0 hits, 0 errors, 0 left on base; Louisiana State University 5 - University of Conneticut 1 |
| BOTTOM OF THE 9TH |
|
University of Conneticut Huskies batting - Pitching for Louisiana State University Tigers : RHP Nick McCoy
|
|
Pitching: RHP Jeff Blankenship
|
|
|
Now in CF: John Carter
|
|
|
Now in RF: Brian Caruso
|
|
|
Batting: RHB Jordan Nicholas
|
0-0: Ball 1-0: Ground out 4-3 (Groundball, 34, EV 94.4 MPH)
|
|
Pinch Hitting: RHB Victor Nava
|
0-0: Ball 1-0: Ball 2-0: Ground out 4-3 (Groundball, 4M, EV 83.8 MPH)
|
|
Batting: RHB Cullen Elliott
|
0-0: Called Strike 0-1: Called Strike 0-2: Ball 1-2: Strikes out looking
|
| Bottom of the 9th over - 0 runs, 0 hits, 0 errors, 0 left on base; Louisiana State University 5 - University of Conneticut 1 |
|